 Dungeon Crawl Stone Soup version 0.20-a0-903-g7e3609c (webtiles) character file.

44 Rrauwl the Shield-Bearer (level 3, -5/30 HPs)
             Began as a Formicid Fighter on Mar 20, 2017.
             Slain by a shadow imp (6 damage)
             ... summoned by Natasha
             ... on level 2 of the Dungeon.
             The game lasted 00:05:54 (945 turns).

Rrauwl the Shield-Bearer (Formicid Fighter)          Turns: 945, Time: 00:05:55

Health: -5/30      AC:  0    Str: 25    XL:     3   Next: 87%
Magic:  3/3        EV: 13    Int:  8    God:
Gold:   57         SH:  0    Dex: 10    Spells: 2/2 levels left

rFire    . . .     SeeInvis .   (weapon currently unavailable)
rCold    . . .     Gourm    .   (armour currently unavailable)
rNeg     . . .     Faith    .   (shield currently unavailable)
rPois    .         Spirit   .   (helmet unavailable)
rElec    .         Reflect  .   (cloak currently unavailable)
rCorr    .         Harm     .   (gloves currently unavailable)
MR       .....                  (boots currently unavailable)
Stlth    +.........             (no amulet)
Regen    0.1/turn               (ring currently unavailable)
MPRegen  0.1/turn               (ring currently unavailable)

@: mighty, pig-form, flying, very quick
A: permanent stasis, dig shafts and tunnels, four strong arms, (antennae 0)
a: no special abilities


You were on level 2 of the Dungeon.
You were not hungry.
You were a filthy swine.
You visited 1 branch of the dungeon, and saw 2 of its levels.

You collected 57 gold pieces.

Inventory:

Hand Weapons
 a - a +0 trident (melded)
Armour
 b - a +0 scale mail (melded)
 c - a +0 shield (melded)
Scrolls
 e - a scroll of random uselessness {unknown}
 j - 2 scrolls of enchant armour {unknown}
 k - 3 scrolls of identify {unknown}
 l - a scroll of teleportation {unknown}
 m - a scroll of noise {unknown}
Comestibles
 f - 2 bread rations
 h - a chunk of flesh


   Skills:
 + Level 3.8 Fighting
 + Level 2.4 Polearms
 + Level 3.8 Armour
 + Level 4.1 Shields


You had 2 spell levels left.
You didn't know any spells.

Dungeon Overview and Level Annotations

Branches:
Dungeon (2/15)

Altars:
Cheibriados
Dithmenos
Fedhas
Hepliaklqana
Nemelex Xobeh
Trog
Yredelemnul
Zin

Annotations:
D:2 Natasha


Innate Abilities, Weirdness & Mutations

You cannot be hasted, slowed, berserked, paralysed or teleported.
You can dig through walls and to a lower floor.
Your four strong arms can wield two-handed weapons with a shield.
((You have a pair of large antennae on your head. (SInv)))


Message History

Natasha claws you.
* * * LOW HITPOINT WARNING * * *
The shadow imp misses you.
You barely miss the shadow imp.
The shadow imp is lightly wounded.
Natasha zaps a wand.
You resist with some effort. The shadow imp misses you.
You closely miss the shadow imp.
The shadow imp is lightly wounded.
Natasha claws you.
* * * LOW HITPOINT WARNING * * *
The shadow imp misses you.
You hit Natasha.
Natasha is severely wounded.
Natasha casts a spell at you. You resist with some effort.
The shadow imp barely misses you.
You barely miss the shadow imp.
The shadow imp is lightly wounded.
Natasha closely misses you. The shadow imp barely misses you.
You barely miss the shadow imp.
Natasha zaps a wand.
The shadow imp hits you.
You die...

###### ....#######
#.........#
#.........##
#......_...#
...._..._.##
#.........#####
###h_..8.._.....#
###..h5.........#.#
#......_.(._....#.#
#.#..†..._........#
# #..###..........#
#.$..
#..........####
......
#.........÷....
......
............####
.#..#
.##...........


You could see Natasha and a shadow imp.

Vanquished Creatures
  An ooze (D:1)
  A dart slug (D:1)
  2 leopard geckos
  2 giant cockroaches (D:1)
  7 goblins (D:1)
  4 hobgoblins
  2 kobolds (D:1)
  A ball python (D:1)
  6 bats (D:1)
  4 frilled lizards (D:1)
  6 rats
36 creatures vanquished.

Notes
Turn   | Place    | Note
-------+----------+-------------------------------------------
     0 | D:1      | Rrauwl the Formicid Fighter began the quest for the Orb.
     0 | D:1      | Reached XP level 1. HP: 18/18 MP: 1/1
    76 | D:1      | Reached XP level 2. HP: 24/24 MP: 2/2
   421 | D:1      | Reached XP level 3. HP: 26/29 MP: 3/3
   425 | D:1      | Reached skill level 4 in Shields
   876 | D:2      | Found a snail-covered altar of Cheibriados.
   877 | D:2      | Found a glowing silver altar of Zin.
   887 | D:2      | Found a blossoming altar of Fedhas.
   887 | D:2      | Found a hazy altar of Hepliaklqana.
   888 | D:2      | Found a sparkling altar of Nemelex Xobeh.
   896 | D:2      | Found a shadowy altar of Dithmenos.
   896 | D:2      | Found a bloodstained altar of Trog.
   897 | D:2      | Found a basalt altar of Yredelemnul.
   909 | D:2      | Noticed Natasha
   931 | D:2      | HP: 1/30 [shadow imp/nerve-wracking pain[Natasha] (11)]
   942 | D:2      | HP: 1/30 [Natasha (3)]
   945 | D:2      | Slain by a shadow imp

Vault maps used:
D:1:      dpeg_arrival_morbid_curiosity, minmay_misc_feat_iff,
          minmay_misc_feat_nine_boxes
D:2:      grunt_temple_overflow_open, eino_tiny_chamber, st_stairs_14,
          uniq_sigmund, uniq_natasha

Skill      XL: |  1  2  3 |
---------------+----------+-----
Shields        | 4 |  4.1
Fighting       | |  3.8
Polearms       | |  2.4
Armour         | |  3.8

Action                   || total
-------------------------++-------
Melee: Trident           ||   142
       Unarmed           ||    11
  Use: Potion            ||     3
Armor: Scale mail        ||    52
Dodge: Dodged            ||    51
Block: Shield            ||    55
